 Dungeon Crawl Stone Soup version 0.30.0 (webtiles) character file.

Game seed: 685220615357417827

128 browni3141 the Trooper (level 5, -6/42 HPs)
             Began as a Barachi Necromancer on May 7, 2023.
             Mangled by an orc wizard
             ... wielding a +0 dagger of electrocution
              (19 damage)
             ... on level 3 of the Dungeon.
             The game lasted 00:02:43 (3451 turns).

browni3141 the Trooper (Barachi Necromancer)        Turns: 3451, Time: 00:02:44

Health: -6/42      AC:  3    Str:  9    XL:     5   Next: 11%
Magic:  7/8        EV: 11    Int: 17    God:
Gold:   147        SH:  3    Dex: 13    Spells: 7/8 levels left

rFire   . . .        t - +0 short sword (speed)
rCold   . . .        N - +0 buckler
rNeg    . . .        a - +0 robe
rPois   .            (no helmet)
rElec   .            (no cloak)
rCorr   .            O - +0 pair of gloves
SInv    .            (no boots)
Will    .....        (no amulet)
Stlth   ++           (no ring)
HPRegen 0.27/turn    (no ring)
MPRegen 0.11/turn

%: no passive effects
@: slow
A: amphibious, slowness 1, strong legs 1, +LOS
a: Hop


You were on level 3 of the Dungeon.
You visited 1 branch of the dungeon, and saw 3 of its levels.

You collected 147 gold pieces.

Inventory:

Hand Weapons
 p - a +0 dagger
 t - a +0 short sword of speed (weapon)
 Y - a +2 antimagic dagger
Missiles
 q - 23 stones
 T - 9 boomerangs
Armour
 a - a +0 robe (worn)
 N - a +0 buckler (worn)
 O - a +0 pair of gloves (worn)
Magical Staves
 R - a staff of air
 X - a staff of fire
Scrolls
 o - a scroll of vulnerability {unknown}
 s - a scroll of enchant weapon {unknown}
 P - a scroll of immolation {unknown}
 U - a scroll of fear {unknown}
 V - a scroll of butterflies {unknown}
 W - 3 scrolls of teleportation {unknown}
 Z - a scroll of identify {unknown}
Potions
 m - a potion of magic
 n - a potion of mutation {unknown}
 r - 2 potions of degeneration {unknown}
 M - a potion of attraction {unknown}
 Q - a potion of curing {unknown}
 S - a potion of heal wounds {unknown}


   Skills:
 - Level 4.0 Fighting
 - Level 3.0 Short Blades
 * Level 0.9 Armour
 - Level 2.1 Dodging
 - Level 1.7 Stealth
 * Level 0.3 Shields
 - Level 2.1 Spellcasting
 * Level 3.6 Necromancy


You had 7 spell levels left.
You knew the following spells:

 Your Spells              Type           Power      Damage    Failure   Level
N - Necrotise             Necr           56%        1d6       7%          1

Your spell library contained the following spells:

 Spells                   Type           Power      Damage    Failure   Level
 Kiss of Death            Conj/Necr      28%        2d7       14%         1
 Vampiric Draining        Necr           14%        2d7       21%         3
 Animate Dead             Necr           14%        N/A       56%         4
 Dispel Undead            Necr           14%        3d10      56%         4
 Confusing Touch          Hex            1%         N/A       65%         3
 Agony                    Necr           14%        N/A       88%         5


Dungeon Overview and Level Annotations

Branches:
Dungeon (3/15)

Altars:


Innate Abilities, Weirdness & Mutations

You are amphibious.
You cover ground slowly.
You can hop short distances.
You have an extended range of vision and can be seen from far away.


Message History

Your quokka skeleton completely resists.
The endoplasm writhes in agony.
You kill the endoplasm!
The worm bites your quokka skeleton!
Your quokka skeleton is destroyed!
The hobgoblin writhes in agony.
You kill the hobgoblin!
The dead are walking!
The worm writhes in agony.
The worm writhes in agony.
Your hobgoblin skeleton hits the worm.
You are out of magic!
You are out of magic!
You are out of magic!
Your hobgoblin skeleton barely misses the worm.
The worm barely misses you.
You hit the worm.
The worm is heavily wounded.
Your hobgoblin skeleton hits the worm.
You hit the worm.
The worm is almost dead.
The worm misses you.
You hit the worm.
You kill the worm!
No target in view!
No target in view!
Your hobgoblin skeleton crumbles into dust!
Magic restored.
Key pressed, stopping explore.
Found an escape hatch in the floor.
There is an escape hatch in the floor here.
You pick up a book of Touch and begin reading...
You add the spells Kiss of Death, Confusing Touch and Dispel Undead to your library.
M - a sapphire potion
Okay, then.
Unknown command.
Found an escape hatch in the ceiling.
There is an escape hatch in the ceiling here.
A quokka comes into view.
A quokka is nearby!
A quokka is nearby!
You miscast Necrotise.
You are very lightly contaminated with residual magic.
Nothing appears to happen.
The quokka writhes in agony.
You miscast Necrotise.
Nothing appears to happen.
The quokka closely misses you.
The quokka writhes in agony.
You kill the quokka!
The dead are hopping!
You can't see any susceptible monsters within range! (Use Z to cast anyway.)
Your magical contamination has completely faded away.
Your quokka skeleton crumbles into dust!
Found a stone staircase leading down.
You open the door.
There is an open door here.
You now have 147 gold pieces (gained 13).
A giant cockroach comes into view.
A giant cockroach is nearby!
A giant cockroach is nearby!
An orc comes into view. It is wielding a +0 club.
An orc wizard comes into view.
It is wielding a +0 dagger of electrocution.
The orc wizard shouts!
The orc wizard writhes in agony.
The orc shouts!
You hear a shout!
An orc comes into view. It is wielding a +0 dagger.
The orc wizard casts a spell at you.
You are confused.
You're too confused to cast spells.
You're too confused to cast spells.
You're too confused to cast spells.
You're too confused to cast spells.
You bump into the rock wall.
You hit the orc.
The orc is moderately wounded.
The orc hits you with a +0 club. The giant cockroach misses you.
The giant cockroach attacks as you move away!
The giant cockroach bites you but does no damage.
You are too confused!
You are too confused!
You are too confused!
You are too confused!
You bump into the rock wall.
The giant cockroach barely misses you. The orc hits you but does no damage.
You miss the giant cockroach.
The giant cockroach bites you but does no damage.
The orc closely misses you.
The orc wizard hits you with a +0 dagger of electrocution.
You completely miss the orc wizard.
The orc wizard is moderately wounded.
The giant cockroach bites you.
The orc wizard attacks as you move away!
The orc wizard hits you with a +0 dagger of electrocution.
You are electrocuted!
You feel less confused. The orc hits you with a +0 club.
The giant cockroach closely misses you. The orc closely misses you.
The orc wizard hits you but does no damage.
You are electrocuted!!
You die...

#.##'#+## #.##.# #.##.#
#.##.# #.##.# #.##.#
#.##.# ##.##.# #####
...##.#########o@.######
#####..........Bo........
# ###########...####### #
#o..# # ....# # .....# #
......# # .......# #
#........


You could see an orc wizard, 2 orcs and a giant cockroach.

Vanquished Creatures
  An orc wizard (D:2)
  4 adders (D:2)
  2 worms
  A dart slug (D:1)
  2 orcs (D:2)
  11 ball pythons
  2 bats (D:1)
  5 endoplasms
  3 goblins (D:1)
  6 hobgoblins
  3 jackals (D:1)
  4 quokkas
  A frilled lizard (D:2)
  4 kobolds (D:1)
  3 rats
52 creatures vanquished.

Vanquished Creatures (collateral kills)
  A goblin (D:2)
  A jackal (D:1)
2 creatures vanquished.

Vanquished Creatures (others)
  A fungus (D:2)
1 creature vanquished.

Grand Total: 55 creatures vanquished

Notes
Turn   | Place    | Note
-------+----------+-------------------------------------------
     0 | D:1      | browni3141 the Barachi Necromancer began the quest for the
                  | Orb.
     0 | D:1      | Reached XP level 1. HP: 13/13 MP: 3/3
    65 | D:1      | Reached skill level 1 in Fighting
   219 | D:1      | Reached XP level 2. HP: 22/22 MP: 1/5
   225 | D:1      | Reached skill level 2 in Fighting
   501 | D:1      | Reached skill level 3 in Fighting
   754 | D:1      | Reached XP level 3. HP: 29/29 MP: 3/6
  1630 | D:2      | Reached skill level 4 in Fighting
  1805 | D:2      | Reached XP level 4. HP: 36/37 MP: 3/7
  2604 | D:2      | Reached skill level 3 in Short Blades
  2604 | D:2      | Reached XP level 5. HP: 42/42 MP: 3/8
  3451 | D:3      | Mangled by an orc wizard

Illustrated notes

Levels and vault maps discovered:
D:1:      dpeg_arrival_shrine, layout_basic, minmay_pentomino_x2
D:2:      layout_basic, chequers_arboretum, minmay_shallow_snake_nest
D:3:      layout_basic, minmay_fountain_box

Skill      XL: |  1  2  3  4 |
---------------+-------------+-----
Fighting       | 1 3 4 |  4.0
Short Blades   | 1 3 |  3.0
Armour         | |  0.9
Dodging        | |  2.1
Stealth        | |  1.7
Shields        | |  0.3
Spellcasting   | |  2.1
Necromancy     | |  3.6

Action                     |  1- 3 |  4- 6 || total
---------------------------+-------+-------++-------
  Melee: Unarmed           |     8 |       ||     8
         Dagger            |    12 |       ||    12
         Short sword       |    52 |    36 ||    88
         Punch             |       |     1 ||     1
   Cast: Necrotise         |    55 |    24 ||    79
Ability: Hop               |     1 |       ||     1
   Stab: Sleeping          |     2 |       ||     2
         Distracted        |       |     1 ||     1
 Armour: Robe              |    13 |    10 ||    23
  Dodge: Dodged            |    62 |    27 ||    89
